 Dungeon Crawl Stone Soup version 0.29.1-14-g9c671dbff4 (webtiles) character file.

Game seed: 14350838761317492660

64 Thatpatchoflichen the Trooper (level 4, -8/37 HPs)
             Began as a Human Monk on Feb 12, 2023.
             Mangled by Crazy Yiuf
             ... wielding a +2 quarterstaff of chaos
              (10 damage)
             ... on level 2 of the Dungeon.
             The game lasted 00:04:06 (2766 turns).

Thatpatchoflichen the Trooper (Human Monk)          Turns: 2766, Time: 00:04:06

Health: -8/37      AC:  5    Str: 12    XL:     4   Next: 32%
Magic:  4/4        EV: 11    Int: 10    God:
Gold:   104        SH:  0    Dex: 17    Spells: 3/3 levels left

rFire   . . .      SeeInvis .   a - +0 falchion
rCold   . . .      Faith    .   (no shield)
rNeg    . . .      Spirit   .   i - +0 ring mail
rPois   .          Reflect  .   (no helmet)
rElec   .          Harm     .   (no cloak)
rCorr   .          Rampage  .   (no gloves)
Will    .....                   (no boots)
Stlth   +.........              (no amulet)
HPRegen 0.12/turn               (no ring)
MPRegen 0.09/turn               (no ring)

@: lethally poisoned (-8 -> -25)
A: no striking features
a: no special abilities


You were on level 2 of the Dungeon.
You visited 1 branch of the dungeon, and saw 2 of its levels.

You collected 104 gold pieces.

Inventory:

Hand Weapons
 a - a +0 falchion (weapon)
Missiles
 e - 4 datura-tipped darts (quivered)
 k - 3 javelins
 p - 4 poisoned darts
Armour
 b - a +0 robe
 i - a +0 ring mail (worn)
Scrolls
 d - a scroll of enchant weapon {unknown}
 f - 4 scrolls of identify {unknown}
 g - a scroll of poison {unknown}
 j - a scroll of teleportation {unknown}
 m - a scroll of butterflies {unknown}
Potions
 c - a potion of ambrosia
 h - a potion of attraction {unknown}
 l - 2 potions of berserk rage {unknown}
 n - a potion of brilliance {unknown}
 o - a potion of lignification {unknown}
 q - a potion of heal wounds {unknown}


   Skills:
 + Level 3.9 Fighting
 + Level 3.8 Long Blades
 - Level 0.6 Armour
 - Level 3.1 Dodging
 - Level 2.0 Stealth


You had 3 spell levels left.
You didn't know any spells.
Your spell library was empty.

Dungeon Overview and Level Annotations

Branches:
Dungeon (2/15)

Altars:

Shops:
D:1 :

Annotations:
D:2 Crazy Yiuf


Message History

The bat closely misses you. The bat hits you. The bat attacks as you move away!
The bat barely misses you. The bat closely misses you. The bat hits you.
The bat hits you but does no damage.
You barely miss the bat. The bat hits you but does no damage. x2
The bat hits you.
You closely miss the bat. The bat misses you. The bat closely misses you.
The bat closely misses you. The bat barely misses you.
You hit the bat.
You kill the bat!
As you open the door, it creaks loudly!
There is an open door here.
Found a falchion.
You see here a +0 falchion.
You open the door.
There is an open door here.
Crazy Yiuf yells, "Goober aubergine mobile!"
You open the door. You hit Crazy Yiuf.
Crazy Yiuf is moderately wounded.
Crazy Yiuf misses you.
You hit Crazy Yiuf but do no damage.
Crazy Yiuf is moderately wounded.
Crazy Yiuf hits you with a +2 quarterstaff of chaos!
Crazy Yiuf freezes you.
You hit Crazy Yiuf but do no damage.
Crazy Yiuf is moderately wounded.
Crazy Yiuf says, "Mountain sizzlefizz dark!"
Crazy Yiuf hits you with a +2 quarterstaff of chaos!
* * * LOW HITPOINT WARNING * * *
You are lethally poisoned!
You hit Crazy Yiuf.
Crazy Yiuf is heavily wounded.
* * * LOW HITPOINT WARNING * * *
You feel very sick.
Crazy Yiuf hits you with a +2 quarterstaff of chaos!
You die...

###....######.....##
#....# ###....##
♣....♣ #.......#
♣...♣♣ #.##..#.#
♣♣.♣♣ #.....#.# ♣.♣♣
#.......# ♣♣.♣
####...## ♣.♣♣
##.....## ♣♣@♣
##.......### #g#
#.........## ...
#.........'. #...#
#.........## #..)#
##.......### #####
##.....## # ##...##
# ###########'## #
#.#.......#.# #


You could see Crazy Yiuf.

Vanquished Creatures
  2 adders (D:2)
  A worm (D:2)
  A dart slug (D:1)
  4 orcs (D:2)
  2 ball pythons (D:1)
  2 endoplasms
  A giant cockroach (D:2)
  3 goblins
  3 hobgoblins
  A quokka (D:2)
  5 bats
  6 frilled lizards
  3 kobolds
  3 rats
37 creatures vanquished.

Notes
Turn   | Place    | Note
-------+----------+-------------------------------------------
     0 | D:1      | Thatpatchoflichen the Human Monk began the quest for the
                  | Orb.
     0 | D:1      | Reached XP level 1. HP: 18/18 MP: 1/1
   130 | D:1      | Found Wiha's Book Boutique.
   167 | D:1      | Reached XP level 2. HP: 24/24 MP: 2/2
   235 | D:1      | You fall into a shaft and drop 1 floor!
   238 | D:2      | Found a runed translucent door.
   239 | D:2      | Noticed Crazy Yiuf
   671 | D:1      | Found a faded altar of an unknown god.
   675 | D:1      | Noticed a golden eye
   677 | D:1      | Noticed a great orb of eyes
   858 | D:1      | Noticed a great orb of eyes
   872 | D:1      | Noticed an eye of devastation
  1091 | D:1      | Reached XP level 3. HP: 29/29 MP: 3/3
  2165 | D:2      | Reached XP level 4. HP: 34/37 MP: 4/4
  2766 | D:2      | Mangled by Crazy Yiuf

Illustrated notes

Levels and vault maps discovered:
D:1:      dpeg_arrival_tiny_d, layout_basic,
          hellmonk_ecumenical_altar_watching_god, serial_shops,
          nicolae_shop_statue_plus, minmay_split_cup_large
D:2:      layout_loops_corners, uniq_crazy_yiuf_cottage

Action                   |  1- 3 |  4- 6 || total
-------------------------+-------+-------++-------
Melee: Falchion          |   126 |    24 ||   150
       Punch             |     2 |     1 ||     3
 Stab: Sleeping          |     1 |     2 ||     3
Armor: Robe              |     2 |       ||     2
       Ring mail         |    51 |    10 ||    61
Dodge: Dodged            |    67 |    21 ||    88
